 Dungeon Crawl Stone Soup version 0.30-a0-696-g2367cd04db (console) character file.

Game seed: 13465067292495764310

2 petzl the Sneak (level 1, -5/18 HPs)
             Began as a Formicid Delver on Jan 21, 2023.
             Killed by nerve-wracking pain
             ... invoked by an orc priest
              (10 damage)
             ... on level 8 of the Dungeon.
             The game lasted 00:01:33 (172 turns).

petzl the Sneak (Formicid Delver)                    Turns: 172, Time: 00:01:34

Health: -5/18      AC:  3    Str: 16    XL:     1   Next: 33%
Magic:  1/1        EV: 12    Int:  9    God:
Gold:   38         SH:  0    Dex: 15    Spells: 1/1 levels left

rFire   . . .      SeeInvis +    a - +0 mace
rCold   . . .      Faith    .    (no shield)
rNeg    . . .      Spirit   .    b - +0 leather armour
rPois   .          Reflect  .    (helmet unavailable)
rElec   .          Harm     .    (no cloak)
rCorr   .          Rampage  .    (no gloves)
Will    .....                    (no boots)
Stlth   +++                      (no amulet)
HPRegen 0.23/turn                (no ring)
MPRegen 0.07/turn                (no ring)

@: no status effects
A: permanent stasis, dig shafts and tunnels, antennae 3, four strong arms
a: Dig, Shaft Self


You were on level 8 of the Dungeon.
You visited 1 branch of the dungeon, and saw 4 of its levels.

You collected 38 gold pieces.

Inventory:

Hand Weapons
 a - a +0 mace (weapon)
Armour
 b - a +0 leather armour (worn)
Wands
 g - a wand of digging (3)
 j - a wand of flame (34)
Scrolls
 c - a scroll of fog
 d - a scroll of magic mapping
 e - a scroll of fear
Potions
 f - a potion of haste
 h - a potion of heal wounds {unknown}
 i - a potion of attraction {unknown}


   Skills:
 - Level 3.2 Fighting
 - Level 2.0 Maces & Flails
 - Level 1.7 Dodging
 - Level 6.0 Stealth
 + Level 0.6 Spellcasting


You had one spell level left.
You didn't know any spells.
Your spell library contained the following spells:

 Spells                   Type           Power      Damage    Failure   Level
 Freeze                   Ice            0%         1d3       43%         1
 Ensorcelled Hibernation  Hex/Ice        0%         N/A       58%         2
 Frozen Ramparts          Ice            0%         1d1       82%         3
 Hailstorm                Conj/Ice       0%         3d3       82%         3
 Spider Form              Tmut/Pois      0%         N/A       82%         3
 Anguish                  Hex/Necr       0%         N/A       99%         4


Dungeon Overview and Level Annotations

Branches:
Dungeon (8/15)
 Temple: D:4-7         Lair: D:8-11

Altars:
Xom

Annotations:
D:6 1 transporter, exclusion: downstairs


Innate Abilities, Weirdness & Mutations

You cannot be hasted, slowed, berserked, paralysed or teleported.
You can dig through walls and to a lower floor.
You have a pair of large antennae on your head. (SInv)
Your four strong arms can wield two-handed weapons with a shield.


Message History

Unknown command.
There is a stone staircase leading down here.
You climb downwards.
There is a stone staircase leading up here.
Found a stone staircase leading down.
There is a stone staircase leading down here.
There is a stone staircase leading down here.
You climb downwards.
There is a stone staircase leading up here.
Found a stone staircase leading down. 2 orc wizards come into view.
The orc wizard shouts! x2; You hear a shout! x2
A warg comes into view.
The orc wizard points at you and mumbles some strange words.
You are confused.
An orc comes into view. It is wielding a +0 trident.
An orc priest comes into view. It is wielding a +0 club.
The warg howls!
The orc priest shouts!
The orc shouts!
The orc wizard mumbles some strange words.
The orc wizard flickers and vanishes for a moment.
The orc priest moves out of view.
Okay, then.
Unknown command.
Unknown command.
A warg comes into view.
An orc priest comes into view. It is wielding a +0 club.
You feel less confused.
The orc priest begins to cast a cantrip, but forgets the words!
The orc wizard casts a spell.
The orc wizard flickers and vanishes for a moment.
The warg attacks as you move away! The warg bites you.
The warg barely misses you.
There is a stone staircase leading up here.
The warg bites you!
Ouch! That really hurt!
* * * LOW HITPOINT WARNING * * *
The orc priest calls down the wrath of Beogh upon you.
Pain shoots through your body!
Ouch! That really hurt!
You die...

## #.## #..###
#....###
#......##
#.......###
#...@....###
#...h.......
#...........
##oo##......
###.o{###....
#...o........
...>............
...............##
...........#####
......##...#
..#### ....# ..
...h. .......


You could see a warg, 2 orc priests, an orc wizard (invisible) and an orc.

Vanquished Creatures
  An orc (D:6)
1 creature vanquished.

Notes
Turn   | Place    | Note
-------+----------+-------------------------------------------
     0 | D:5      | petzl the Formicid Delver began the quest for the Orb.
     0 | D:5      | Reached XP level 1. HP: 18/18 MP: 1/1
    12 | D:5      | Found a shimmering altar of Xom.
    63 | D:6      | Found a transporter.
    71 | D:6      | Noticed an ice beast
   111 | D:6      | Noticed an orc priest
   132 | D:7      | Noticed a manticore
   162 | D:8      | Noticed an orc wizard
   162 | D:8      | Noticed an orc wizard
   162 | D:8      | Noticed a warg
   163 | D:8      | Noticed an orc priest
   164 | D:8      | Noticed a warg
   164 | D:8      | Noticed an orc priest
   172 | D:8      | Killed from afar by an orc priest

Illustrated notes

Levels and vault maps discovered:
D:5:      layout_cave_pods, lemuel_crystal_altar, minmay_misc_feat_enclosed,
          hex_tiny, roderic_lattice_a, grunt_ministairs_3, minmay_checkerbox
D:6:      gammafunk_wand_slinger, layout_layer_cave
D:7:      minmay_spotlight, layout_basic, okawaru_gym_becter
D:8:      layout_layer_cave, erik_lair_orcish_takeover, serial_ice,
          serial_ice_c, serial_ice_b, serial_ice_k, serial_ice_d, serial_ice_o,
          serial_ice_f, serial_ice_e

Action                   || total
-------------------------++-------
Melee: Mace              ||     4
Dodge: Dodged            ||     4

Table legend: (Time is in decaauts)
 A = Elapsed time spent in this place.
 B = Non-inter-level travel time spent in this place.
 C = Inter-level travel time spent in this place.
 D = Time resting spent in this place.
 E = Time spent auto-exploring this place.
 F = Levels seen in this place.
 G = Mean time per level.
                   A        B        C        D        E       F      G
               +--------+--------+--------+--------+--------+-----+--------+
         Total |    172 |    172 |      0 |      0 |     27 |   4 |   43.0 |
       Dungeon |    172 |    172 |      0 |      0 |     27 |   4 |   43.0 |
               +--------+--------+--------+--------+--------+-----+--------+

Top non-repeatable levels by time:
     D:6: 72 daAuts
     D:5: 63 daAuts
     D:7: 22 daAuts
     D:8: 14 daAuts
